 Dungeon Crawl Stone Soup version 0.15-a0-734-g2b8d6ef (webtiles) character file.

101 4tharraofdagon the Chopper (level 4, 0/33 HPs)
             Began as an Octopode Berserker on May 11, 2014.
             Was a Follower of Trog.
             Slain by a black bear (2 damage)
             ... on Level 6 of the Dungeon.
             The game lasted 00:02:50 (511 turns).

4tharraofdagon the Chopper (Octopode Berserker)      Turns: 511, Time: 00:02:51

HP   0/33        AC  1     Str 17      XL: 4   Next: 75%
MP   4/4         EV 13     Int  9      God: Trog [*.....]
Gold 87          SH  0     Dex 11      Spells:  0 memorised,  3 levels left

rFire  . . .     SeeInvis .     a - +0 hand axe
rCold  . . .     Clarity  .     (no shield)
rNeg   . . .     Conserve .     (helmet restricted)
rPois  .         rCorr    .     (no amulet)
rElec  .         rRot     .     (no ring)
SustAb . .       Spirit   .     (no ring)
rMut   .         Warding  .     (no ring)
Gourm  .         Stasis   .     (no ring)
MR     .....                    (no ring)
                                (no ring)
                                (no ring)
                                (no ring)

@: exhausted, slowed, very slow, not resistant to hostile enchantments,
unstealthy
A: almost no armour, amphibious, 8 rings, constrict 8, camouflage 1, gelatinous
body 1
a: Burn Spellbooks, Berserk, Renounce Religion


You were on level 6 of the Dungeon.
You worshipped Trog.
Trog was aware of your devotion.
You were not hungry.

You visited 1 branch of the dungeon, and saw 6 of its levels.

You collected 87 gold pieces.

Inventory:

Hand weapons
 a - a +0,+0 hand axe (weapon)
Missiles
 k - 2 curare-tipped needles
Armour
 i - a +0 large shield
Comestibles
 b - an orange
 c - 5 bread rations
 l - a meat ration
 m - a pear
 n - 2 chunks of giant frog flesh
Scrolls
 d - a scroll of remove curse {unknown}
 e - a scroll of enchant weapon II {unknown}
 g - a scroll of identify {unknown}
Potions
 f - 2 potions of heal wounds {unknown}
 h - 2 potions of curing {unknown}
 j - a potion of brilliance {unknown}
Carrion
 o - a giant frog skeleton


   Skills:
 + Level 3.7 Fighting
 * Level 4.2 Axes
 + Level 3.6 Dodging


You had 3 spell levels left.
You didn't know any spells.

Dungeon Overview and Level Annotations

Branches:
Dungeon (6/15)
 Temple: D:4-7

Altars:
Nemelex Xobeh

Shops:
D:4 *


Innate Abilities, Weirdness & Mutations

You cannot wear most types of armour.
You are amphibious.
You can wear up to eight rings at the same time.
You can use your tentacles to constrict many enemies at once.
Your skin changes colour to match your surroundings (Stealth).
Your rubbery body absorbs attacks (AC +1).


Message History

Eat one of 3 chunks of giant frog flesh? (ye/n/q/i?) This raw flesh tastes terrible.
You continue eating. x2
A black bear comes into view.
The black bear closely misses you. The black bear claws you.
The black bear claws you.
You see here a silvery potion.
The black bear misses you. The black bear claws you. The black bear claws you.
The black bear misses you. The black bear barely misses you.
The black bear closely misses you. The black bear bites you.
The black bear barely misses you. The black bear claws you.
The black bear bites you. The black bear closely misses you.
The black bear claws you but does no damage.
The black bear closely misses you. The black bear claws you.
* * * LOW HITPOINT WARNING * * *
The black bear claws you.
* * * LOW HITPOINT WARNING * * *
The black bear closely misses you. The black bear claws you.
You die...

..# #.# #....# ..# #.#
#....# ..# #.# +....#
..#####.#######....#
...................#
...................#
......########+#...#
......#..>...)('...#
......#........#@..#
......##########h..######
.........................
..........................
........!.................
..........................
........................
........................
########################


You could see a black bear.

Vanquished Creatures
  A giant frog (D:6)
  A worm (D:2)
  An adder skeleton (D:5)
  2 giant geckos (D:2)
  4 orcs
  5 goblins
  2 bats
  2 giant cockroaches
  2 kobolds
  A rat (D:2)
21 creatures vanquished.

Notes
Turn   | Place    | Note
--------------------------------------------------------------
     0 | D:1      | 4tharraofdagon, the Octopode Berserker, began the quest for the Orb.
     0 | D:1      | Reached XP level 1. HP: 16/16 MP: 1/1
   121 | D:2      | Reached XP level 2. HP: 18/21 MP: 2/2
   193 | D:4      | Found Unounlusm's General Store.
   265 | D:4      | Reached XP level 3. HP: 22/26 MP: 3/3
   342 | D:4      | Found a sparkling altar of Nemelex Xobeh.
   347 | D:5      | Entered Level 5 of the Dungeon
   472 | D:6      | Noticed a giant frog
   482 | D:6      | Killed a giant frog
   482 | D:6      | Reached skill level 4 in Axes
   482 | D:6      | Reached XP level 4. HP: 33/33 MP: 4/4
   498 | D:6      | Noticed a black bear
   511 | D:6      | Slain by a black bear

Action                   |  1- 3 |  4- 6 || total
-------------------------+-------+-------++-------
Melee: Hand axe          |    34 |       ||    34
Invok: Berserk           |     3 |       ||     3
 Stab: Sleeping          |     3 |       ||     3

Vault maps used:
D:1:      dpeg_arrival_orchard, minivault_5
D:2:      cheibriados_altar_1
D:3:      led_xom_imps, grunt_ministairs_12
D:4:      corexii_shack_village, nemelex_altar_shiori, serial_shops, shop
D:5:      first_bread, nrook_uturn, uniq_iyjb, uniq_blork_the_orc
D:6:      elyvilon_altar_3, minmay_temple_entry_butterflies
